 Dungeon Crawl Stone Soup version 0.31-a0-702-gf82c85558f (webtiles) character file.

Game seed: 7866363447287234684

161 qw the Shooter (level 5, -6/32 HPs)
             Began as a Gargoyle Hunter on Sept 8, 2023.
             Mangled by a gnoll
             ... wielding a +0 halberd
              (11 damage)
             ... on level 4 of the Dungeon.
             The game lasted 00:00:49 (2525 turns).

qw the Shooter (Gargoyle Hunter)                    Turns: 2525, Time: 00:00:50

Health: -6/32      AC:  9    Str: 15    XL:     5   Next: 42%
Magic:  5/5        EV: 16    Int:  9    God:
Gold:   77         SH:  0    Dex: 15    Spells: 4/4 levels left

rFire   . . .        Y - +0 shortbow
rCold   + . .        (shield currently unavailable)
rNeg    + . .        e - +0 ring mail
rPois   inf          (no helmet)
rElec   +            (no cloak)
rCorr   .            (no gloves)
SInv    .            (no boots)
Will    .....        (no amulet)
Stlth   +            a - +5 ring of evasion
HPRegen 0.25/turn    c - ring of protection from cold
MPRegen 0.09/turn

%: no passive effects
@: no status effects
A: sickness immunity, AC +4, negative energy resistance 1, electricity
resistance, torment resistance 1, petrification resistance
a: no special abilities


You were on level 4 of the Dungeon.
You visited 1 branch of the dungeon, and saw 4 of its levels.

You collected 77 gold pieces.


Innate Abilities, Weirdness & Mutations

You are immune to sickness and miasma.
Your stone body is resilient. (AC +4)
You are immune to poison.
You resist negative energy. (rN+)
You are resistant to electric shocks. (rElec)
You are resistant to unholy torment.
You are immune to petrification.


   Skills:
 + Level 3.0 Fighting
 - Level 6.0 Ranged Weapons
 - Level 1.1 Armour
 - Level 1.5 Dodging
 - Level 1.1 Stealth


You had 4 spell levels left.
You didn't know any spells.
Your spell library was empty.

Inventory:

Hand Weapons
 Y - a +0 shortbow (weapon)
Armour
 e - a +0 ring mail (worn)
Jewellery
 a - a +5 ring of evasion (left hand)
 c - a ring of protection from cold (right hand)
Scrolls
 g - a scroll of identify
Potions
 d - a potion of haste

Dungeon Overview and Level Annotations

Branches:
Dungeon (4/15)
 Temple: D:4-7

Altars:
Dithmenos

Annotations:
D:2 1 runed translucent door, Crazy Yiuf


Message History

The arrow completely misses the scorpion.
The gnoll hits you from afar with a +0 halberd!
The scorpion stings you but does no damage.
2514 ||| DRINKING potion of heal wounds.
You feel much better. The scorpion barely misses you.
The gnoll barely misses you.
You shoot an arrow. The arrow hits the scorpion.
The scorpion is severely wounded.
The scorpion closely misses you.
The gnoll hits you from afar with a +0 halberd!
The scorpion stings you but does no damage.
The gnoll hits you from afar with a +0 halberd!
You shoot an arrow. The arrow hits the scorpion.
The scorpion is severely wounded.
The scorpion completely misses you. The gnoll closely misses you.
You shoot an arrow. The arrow hits the scorpion.
You kill the scorpion!
The gnoll completely misses you.
Your Ranged Weapons skill increases to level 6!
You have reached level 5!
You shoot an arrow. The arrow completely misses the gnoll.
The gnoll hits you from afar with a +0 halberd.
You shoot an arrow. The arrow completely misses the gnoll.
The gnoll hits you but does no damage.
You shoot an arrow. The arrow hits the gnoll.
The gnoll is moderately wounded.
The gnoll closely misses you. The gnoll misses you.
You shoot an arrow. The arrow hits the gnoll.
The gnoll is heavily wounded.
The gnoll barely misses you.
You shoot an arrow. The arrow barely misses the gnoll.
The gnoll hits you but does no damage.
You shoot an arrow. The arrow closely misses the gnoll.
The gnoll hits you from afar with a +0 halberd!
You shoot an arrow. The arrow barely misses the gnoll.
The gnoll barely misses you.
You shoot an arrow. The arrow completely misses the gnoll.
The gnoll misses you.
The gnoll hits you from afar with a +0 halberd!
You die...

###......#
####...## ##...#
#...##### #........
#........
###......##
#########........#
##.@.............##
##g...####....#...#
#..#### #######..#
#....## #..#
s.)..#### ..# ####
... .#


You could see a gnoll.

Vanquished Creatures
  A scorpion (D:4)
  2 gnolls (D:4)
  An adder (D:2)
  2 dart slugs (D:1)
  2 worms (D:2)
  An orc (D:3)
  6 endoplasms
  3 giant cockroaches
  9 goblins
  4 hobgoblins
  4 jackals (D:1)
  2 quokkas
  2 ball pythons
  7 bats
  4 frilled lizards
  7 kobolds
  7 rats
64 creatures vanquished.

Notes
Turn   | Place    | Note
-------+----------+-------------------------------------------
     0 | D:1      | qw the Gargoyle Hunter began the quest for the Orb.
     0 | D:1      | Reached XP level 1. HP: 12/12 MP: 1/1
     0 | D:1      | 0 ||| qw: Version: 0.3-a-76-g4403597
     0 | D:1      | 0 ||| qw: Game counter: 1166
     0 | D:1      | 0 ||| qw: Melee chars always use a shield: true
     0 | D:1      | 0 ||| qw: God list: Okawaru
     0 | D:1      | 0 ||| qw: Allow faded altars: false
     0 | D:1      | 0 ||| qw: Do Orc after clearing Dungeon:15 true
     0 | D:1      | 0 ||| qw: Do second Lair branch before Depths: true
     0 | D:1      | 0 ||| qw: Lair rune preference: random
     0 | D:1      | 0 ||| qw: Goals: Normal
     0 | D:1      | 0 ||| PLANNING D:1-11
   127 | D:1      | Reached XP level 2. HP: 16/17 MP: 2/2
   575 | D:1      | Reached XP level 3. HP: 21/21 MP: 3/3
   681 | D:1      | Reached skill level 5 in Ranged Weapons
  1123 | D:1      | 1123 ||| UPGRADING to +0 ring mail.
  1133 | D:1      | 1133 ||| DROPPING +0 leather armour.
  1134 | D:1      | 1134 ||| READING scroll labelled KAHEWECHOA.
  1135 | D:1      | 1135 ||| READING 3 scrolls labelled QETHEA ATAGOOSO.
  1136 | D:1      | 1136 ||| READING 2 scrolls of identify.
  1136 | D:1      | 1136 ||| IDENTIFYING cyan potion
  1137 | D:1      | 1137 ||| DROPPING scroll of butterflies.
  1208 | D:2      | Reached skill level 1 in Armour
  1296 | D:2      | Reached skill level 3 in Fighting
  1296 | D:2      | Reached XP level 4. HP: 28/28 MP: 4/4
  1355 | D:2      | Found a runed translucent door.
  1356 | D:2      | Noticed Crazy Yiuf
  1641 | D:2      | Found a shadowy altar of Dithmenos.
  1751 | D:2      | 1751 ||| UPGRADING to +5 ring of evasion.
  1752 | D:2      | 1752 ||| DRINKING 2 fuming green potions.
  1753 | D:2      | 1753 ||| DRINKING 2 sedimented pink potions.
  1754 | D:2      | 1754 ||| READING 2 scrolls of identify.
  1754 | D:2      | 1754 ||| IDENTIFYING sapphire potion
  1755 | D:2      | 1755 ||| DROPPING potion of invisibility.
  1756 | D:2      | 1756 ||| DROPPING potion of degeneration.
  2378 | D:3      | 2378 ||| DROPPING ring of ice.
  2379 | D:3      | 2379 ||| UPGRADING to ring of protection from cold.
  2497 | D:4      | Noticed a scorpion
  2498 | D:4      | 2498 ||| Stepping ~*~*~tactically~*~*~ (retreating).
  2500 | D:4      | 2500 ||| Stepping ~*~*~tactically~*~*~ (retreating).
  2502 | D:4      | 2502 ||| Stepping ~*~*~tactically~*~*~ (retreating).
  2513 | D:4      | HP: 5/28 [gnoll/+0 halberd (8)]
  2514 | D:4      | 2514 ||| DRINKING potion of heal wounds.
  2517 | D:4      | Killed a scorpion
  2518 | D:4      | Reached skill level 6 in Ranged Weapons
  2518 | D:4      | Reached XP level 5. HP: 16/32 MP: 5/5
  2523 | D:4      | HP: 4/32 [gnoll/+0 halberd (10)]
  2525 | D:4      | Mangled by a gnoll

Levels and vault maps discovered:
D:1:      saegor_arrival_simple_a, layout_basic, chequers_serial_rivers_micro_d
D:2:      layout_basic, basic_altar, uniq_crazy_yiuf_cottage
D:3:      layout_basic, grunt_decor_mini_mirrors
D:4:      layout_layer_cave, nicolae_shop_fire_sale [nicolae_sub_dead_trees],
          minmay_stone_trees_medium, minmay_checkerbox, uniq_sigmund

Skill      XL: |  1  2  3  4 |
---------------+-------------+-----
Ranged Weapons | 5 6 |  6.0
Armour         | 1 |  1.1
Fighting       | 3 |  3.0
Dodging        | |  1.5
Stealth        | |  1.1

Action                     |  1- 3 |  4- 6 || total
---------------------------+-------+-------++-------
   Fire: Shortbow          |   118 |    74 ||   192
    Use: Scroll            |     3 |     1 ||     4
         Potion            |       |     3 ||     3
 Armour: Leather armour    |    24 |       ||    24
         Ring mail         |     4 |    28 ||    32
  Dodge: Dodged            |    28 |    34 ||    62

Table legend:
 A = Non-vault XP
 B = Vault XP
 C = Vault XP percentage of total XP
 D = Non-vault monster count
 E = Vault monster count
 F = Vault count percentage of total count
                 A         B        C        D         E       F
            +---------+---------+-------+---------+---------+-------
      Total |     230 |       0 |   0.0 |      64 |       0 |   0.0
            +---------+---------+-------+---------+---------+-------
        D:1 |      55 |       0 |   0.0 |      31 |       0 |   0.0
        D:2 |      49 |       0 |   0.0 |      21 |       0 |   0.0
        D:3 |      14 |       0 |   0.0 |       8 |       0 |   0.0
        D:4 |     112 |       0 |   0.0 |       4 |       0 |   0.0
            +---------+---------+-------+---------+---------+-------
